[Event "E World Cup 2023"]
[Site "Chess.com"]
[Date "2023.08.10"]
[Round "4"]
[White "Carlsen, Magnus"]
[Black "Keymer, Vincent"]
[Result "1-0"]
[WhiteElo "2835"]
[BlackElo "2701"]
[ECO "C77"]
[EventDate "2023.??.??"]
[Annotator "rafael"]
[PlyCount "123"]
[Beauty "6254546156552"]
[EventType "team-tourn"]
[EventCountry "FID"]
[TimeControl "40/5400+30:1800+30"]

1.e4 e5 2.Nf3 Nc6 3.Bb5 a6 4.Ba4 Nf6 5.d3 Bc5 6.Bg5 {It seems there's much left to discover, even in such heavily studied openings like the Ruy Lopez. There are not many games in this position, and in a couple of moves, the game will leave theoretical territory.} 6...h6 7.Bh4 d6 8.d4 $1 {[%c_effect d4;square;d4;type;GreatFind;persistent;true] A new one in this position. I'm not sure whether this was preparation or not, but it's the computer's first choice. White doesn't get an advantage, but it's a new position with a lot to play for.} 8...exd4 9.Nxd4 Bd7 10.Bxc6 ( 10.Nxc6 {This capture is also possible.} 10...Bxc6 11.Bxc6+ bxc6 {with a balanced position.} ) 10...bxc6 ( 10...Bxc6 {is also possible.} ) 11.Nc3 O-O 12.Qd3 $1 {[%c_effect d3;square;d3;type;GreatFind;persistent;true] Carlsen wants to send the king to the queenside to sharpen the game. This is more dangerous than castling short.} 12...Bb4 ( 12...Qe7 13.O-O-O Qe5 {This is the computer's choice, and we will see a similar plan in the game. To be honest, it's not a very human way to play when the queen can be attacked by both the knight and the bishop.} 14.Bg3 ( 14.Nf3 Qe6 15.e5 Nh5 $1 {[%c_effect h5;square;h5;type;GreatFind;persistent;true] Despite some strange moves, Black's position is ok.} ) 14...Qg5+ ( 14...Qxd4 15.Qxd4 Bxd4 16.Rxd4 {with a slightly better endgame for White.} ) 15.f4 Qg6 {The computer is not afraid to send the queen to this strange place.} ) 13.Ne2 $1 {[%c_effect e2;square;e2;type;GreatFind;persistent;true] A necessary prophylactic move.} ( 13.O-O-O $2 {[%c_effect c1;square;c1;type;Mistake;persistent;true] is bad because Black can shatter White's pawn structure with} 13...Bxc3 {since} 14.Qxc3 $2 {[%c_effect c3;square;c3;type;Mistake;persistent;true] loses a pawn after} 14...Nxe4 ) 13...Qe7 14.O-O-O Rfe8 15.f3 Qe5 {On the board, we have a complicated middlegame fight with chances for both sides, which is not a bad situation for Carlsen. His next move, however, is a blunder.} 16.a3 $2 {[%c_effect a3;square;a3;type;Mistake;persistent;true] White has a few options:} ( 16.f4 $6 {[%c_effect f4;square;f4;type;Inaccuracy;persistent;true] is premature because it's not easy to defend the e4-pawn:} 16...Qe6 17.f5 ( 17.e5 $6 Nd5 18.Nxd5 cxd5 19.Qxd5 Qxd5 20.Rxd5 Bc6 {is good for Black.} ) 17...Qe5 18.Bg3 Qe7 19.Bh4 {with a move repetition, something that doesn't suit White.} ) ( 16.Kb1 {is natural, defending against a possible check on f4. But the king is not very safe after} 16...Rab8 ) ( 16.g4 {is interesting, starting an attack immediately. Black must strike on the center:} 16...d5 $1 {[%c_effect d5;square;d5;type;GreatFind;persistent;true] with a complicated position.} ) ( 16.Rhf1 {is useful to prepare f3-f4 under better circumstances. The game can continue} 16...Bxc3 17.Qxc3 Qxc3 18.Nxc3 {with an endgame similar to the one played in the game.} ) 16...Bxc3 17.Qxc3 ( 17.Nxc3 $2 Qf4+ {wins the h4-bishop.} ) 17...Qxc3 $2 {[%c_effect c3;square;c3;type;Mistake;persistent;true] Keymer returns the favor.} ( {The match would essentially be over after} 17...Nxe4 $1 18.Qxe5 ( 18.fxe4 Qxe4 {attacks both the knight and the bishop.} ) 18...Rxe5 {Black is a solid pawn up and has good winning chances. Even better, he only needed a draw. If} 19.fxe4 Rxe4 {Black regains the piece and will be two pawns up.} ) 18.Nxc3 {The position is more or less equal, but having realized that he was granted a second chance after his big mistake, Carlsen must have felt it was time to show his true chess.} 18...Nh7 19.g4 f6 20.h3 Nf8 {Nice maneuvering by Keymer.} 21.Bg3 ( 21.Bf2 {When watching the game, I thought Carlsen could try a plan sending the bishop to e3 and then playing h4-g5, but it's not dangerous, for instance:} 21...Ne6 22.h4 Kf7 23.Be3 c5 24.Rhg1 Bc6 25.g5 hxg5 26.hxg5 Rh8 ) 21...Ne6 22.h4 Kf7 23.h5 Rad8 ( 23...c5 {is possible:} 24.Nd5 Bc6 {with equality.} ) 24.Rhe1 Bc8 ( 24...c5 {Again, c5 is a good option. Keymer's last two moves are a bit passive, but the position remains equal.} ) 25.Rd3 Bb7 26.Nb1 $5 c5 27.c4 Bc6 28.b3 Rb8 29.Bf2 Rb7 30.Nd2 {Both sides continue playing well, and the evaluation doesn't change.} 30...Reb8 31.Be3 Kg8 {Freeing the f7-square for the knight.} 32.Kc2 Nd8 33.f4 a5 {Carlsen mentioned that Keymer shouldn't have allowed e4-e5. From what I understand, he thinks 33...Nf7 is better, and the computer agrees.} ( 33...Nf7 {keeps the game equal and without much danger for now.} ) 34.e5 $1 ( 34.a4 {Maybe Keymer thought White had to play this to avoid a5-a4.} 34...Nf7 ) 34...fxe5 35.fxe5 Nf7 36.Bf4 {The position is still equal, but it's more difficult to play with Black now.} 36...dxe5 37.Bxe5 a4 ( 37...Re8 {is a decent option.} 38.Rde3 ( 38.Bg3 Rxe1 39.Bxe1 a4 ( 39...Ne5 40.Rd8+ Kf7 41.Bf2 a4 {should also be ok for Black.} ) 40.Bg3 {with an equal, but not yet drawn, endgame.} ) 38...a4 ) 38.Bc3 $1 axb3+ 39.Kb2 {The b3-pawn will be captured sooner or later.} 39...Re8 40.Rxe8+ Bxe8 41.Rd5 Bc6 42.Rxc5 Bd7 {The g4-pawn falls. Keymer is defending very well, but Carlsen keeps pressing.} 43.Bd4 Bxg4 44.a4 {The a-pawn is very dangerous.} 44...Ng5 {Threatening 45...Ne6.} ( 44...Nd8 {is an alternative route:} 45.Rd5 Nc6 ) 45.Be3 Nf3 ( 45...Ne6 {This is an important alternative.} 46.Rd5 Rb4 $1 47.Ka3 ( 47.a5 Ra4 ) 47...Rb8 48.Nxb3 Bf3 {with good drawing chances.} ) 46.Nxf3 Bxf3 47.a5 Rb4 $1 {[%c_effect b4;square;b4;type;GreatFind;persistent;true] The only move. The rook must go behind the pawn.} 48.Bd2 ( 48.a6 Ra4 ) 48...Ra4 49.Kxb3 Bd1+ 50.Kc3 {The endgame is still dangerous for Black.} 50...c6 ( 50...g6 $5 51.hxg6 Kg7 {is a possible alternative. A possible outcome is that Black somehow sacrifices the bishop for White's queenside pawns and has to defend the theoretically drawn endgame of rook and bishop against rook.} ) 51.Kd4 Bf3 52.Bc3 Bg2 $2 {[%c_effect g2;square;g2;type;Mistake;persistent;true] The losing move, ruthlessly exploited by Carlsen.} ( 52...Be2 $1 {[%c_effect e2;square;e2;type;GreatFind;persistent;true] is the only way to defend.} 53.Rxc6 Kf7 {with drawing chances. A possible variation is:} ( 53...Bxh5 $2 54.Kc5 ) 54.a6 {This is not forced, but it illustrates a possible outcome of the endgame:} 54...Bxc4 55.Rxc4 Rxa6 {With a position that is drawn with best play.} ) 53.Rf5 $1 {[%c_effect f5;square;f5;type;GreatFind;persistent;true] The king marches to the queenside, and the game is over.} 53...Bh3 54.Rf4 Be6 55.Kc5 Ra3 56.Kb4 Ra2 57.Kb3 Re2 58.a6 {The pawn finally moves forward.} 58...Bh3 59.a7 Re8 60.Re4 $1 Ra8 61.Re7 c5 62.Rb7 1-0

[Event "E World Cup 2023"]
[Site "Chess.com"]
[Date "2023.08.11"]
[Round "4"]
[White "Ivanchuk, Vasyl"]
[Black "Sanal, Vahap"]
[Result "1-0"]
[WhiteElo "2672"]
[BlackElo "2591"]
[ECO "D78"]
[EventDate "2023.??.??"]
[Annotator "rafael"]
[PlyCount "95"]
[Beauty "7150181028907"]
[EventType "team-tourn"]
[EventCountry "FID"]
[TimeControl "40/5400+30:1800+30"]

1.Nf3 {Ivanchuk played 1.c4 and 1.e4 in his two previous games with White in the match. He has always been a very versatile opening player with encyclopedic knowledge.} 1...d5 2.g3 g6 3.Bg2 Bg7 4.d4 Nf6 5.O-O c6 6.c4 O-O 7.b3 Bf5 {The most common move.} ( 7...Bg4 {Sanal used this move to beat Korobov earlier in the World Cup.} 8.Bb2 Bxf3 9.Bxf3 e6 10.Nc3 Nbd7 11.e3 a6 12.Rc1 {with a typical position where White has a slight advantage and Black is solid.} ) 8.Bb2 Nbd7 9.Nbd2 Ne4 10.Nh4 Nxd2 11.Qxd2 Be6 12.e4 {The opening is a small success for White: a comfortable position without risk.} 12...Nb6 $2 {[%c_effect b6;square;b6;type;Mistake;persistent;true] This is a positional mistake, allowing White to gain space.} ( 12...dxe4 {is necessary. A recent game continued:} 13.Bxe4 Bh3 14.Rfe1 {with a slight advantage for White in Artemiev-Narayanan, Julius Baer Generations Cup (rapid) 2023.} ) 13.c5 {This is very tempting, but maybe not the most accurate. There are two delicious alternatives.} ( 13.exd5 cxd5 14.c5 Nd7 15.b4 {with a clear advantage due to the strong pawn majority on the queenside.} ) ( 13.cxd5 cxd5 14.e5 {is also good. The knight is poorly placed on b6.} ) 13...Nd7 14.e5 f5 $2 {[%c_effect f5;square;f5;type;Mistake;persistent;true] This makes things worse. Black is too passive and strategically lost after this move.} ( 14...f6 $1 {[%c_effect f6;square;f6;type;GreatFind;persistent;true] is a better chance.} 15.f4 fxe5 16.fxe5 b6 {Trying to break the pawn chain and exchange as many pawns as possible. Black is still worse, but this is much better than the game continuation.} ) 15.f4 {White has a huge space advantage and can maneuver at will. Ivanchuk plans a pawn advance on the queenside.} 15...Bf7 16.Rfc1 e6 17.Bf1 h6 18.Nf3 Re8 19.b4 a6 20.a4 Bf8 21.b5 Be7 22.Bc3 {White's play is very natural. The bishop may go to a5 in some lines.} 22...Rf8 23.Rcb1 ( 23.bxc6 $1 {[%c_effect c6;square;c6;type;GreatFind;persistent;true] This is even better, since Black cannot even exchange rooks. After} 23...bxc6 24.Ba5 Qc8 25.Rcb1 {White prepares to double or even triple pieces on the b-file. Black's counterplay with g7-g5 is too slow.} ) 23...axb5 24.axb5 Rxa1 25.Rxa1 g5 {It is understandable that Black tries some activity, but the computer prefers a more passive defense with} ( 25...cxb5 26.Bxb5 Qc7 ) 26.Be2 {There are many tempting continuations. Ivanchuk decides to play safely.} ( 26.bxc6 bxc6 27.Ra7 {This looks bad for White due to} 27...Nxc5 {but there's a refutation:} 28.Ba5 $1 {[%c_effect a5;square;a5;type;GreatFind;persistent;true] Followed by 29.Qb4, winning material. It is not recommended to choose this type of line when it's possible to maintain the advantage without as much calculation.} ) ( 26.fxg5 Bh5 $1 ( 26...hxg5 27.Ba5 $1 {[%c_effect a5;square;a5;type;GreatFind;persistent;true] The g5-pawn falls.} ) 27.Bg2 Bxf3 28.Bxf3 hxg5 {White is still much better, but at least Black has some space on the kingside now.} ) 26...gxf4 ( 26...g4 {is an option, although there's still a lot of suffering after} 27.Ne1 cxb5 28.Bxb5 Qc7 ) 27.Qxf4 ( 27.Ba5 $1 {[%c_effect a5;square;a5;type;GreatFind;keyPressed;undefined;persistent;true] is more accurate. Black's queen has to move, then White captures on f4 with the queen, and the g5-square is no longer protected.} ) 27...Bg5 28.Nxg5 hxg5 29.Qf2 Bg6 30.Bd2 $1 {[%c_effect d2;square;d2;type;GreatFind;persistent;true] The bishop has an eye on the kingside.} 30...cxb5 31.h4 $1 {[%c_effect h4;square;h4;type;GreatFind;persistent;true] White opens the game in order to exploit the dark squares around black's king.} 31...f4 $1 {[%c_effect f4;square;f4;type;GreatFind;persistent;true] The best chance, opening the diagonal for the g6-bishop.} 32.gxf4 gxh4 ( 32...gxf4 33.Kh2 {The rook goes to g1 and White wins easily.} ) 33.Kh2 Rf7 34.Rg1 Rg7 ( 34...Nf8 {The same device used in the game also works against this move:} 35.f5 $3 Rxf5 36.Qg2 {The dark-squared bishop may go to h6, while the other bishop is ready to land on d3. It's impossible for Black to cope with the bishop pair.} ) 35.f5 $1 {[%c_effect f5;square;f5;type;GreatFind;persistent;true] The final breakthrough.} 35...exf5 ( 35...Bxf5 {is more stubborn, but still not enough:} 36.Bh6 Rg6 $1 37.Bh5 Nf8 38.Bxg6 ( 38.Bxf8 $4 {[%c_effect f8;square;f8;type;Blunder;persistent;true] is a horrible mistake that even loses after} 38...Rxg1 ) 38...Nxg6 39.Qa2 $1 {[%c_effect a2;square;a2;type;GreatFind;persistent;true] An important move: the queen goes to a7 and White wins easily.} ( 39.Bg5 $2 Qa5 {is not so clear.} ) ) 36.Bh6 Nf8 37.Bxg7 Kxg7 38.Qxf5 {The rest is easy.} 38...Kh7 39.Qf3 Qe8 40.Bxb5 ( 40.Bd3 ) 40...Qxb5 41.Qxf8 Qe2+ 42.Rg2 Qe4 43.Qe7+ Kh6 44.Qg5+ Kh7 45.Qg4 Kh6 46.e6 Qxg4 47.Rxg4 Kh5 48.Rg1 1-0

[Event "E World Cup 2023"]
[Site "Chess.com"]
[Date "2023.08.12"]
[Round "5"]
[White "Wang, Hao"]
[Black "Gukesh, D."]
[Result "0-1"]
[WhiteElo "2699"]
[BlackElo "2751"]
[ECO "E35"]
[EventDate "2023.??.??"]
[Annotator "rafael"]
[PlyCount "76"]
[Beauty "7769193186824"]
[EventType "team-tourn"]
[EventCountry "FID"]
[TimeControl "40/5400+30:1800+30"]

1.d4 Nf6 2.c4 e6 3.Nc3 Bb4 4.Qc2 {This is one of the best options for White in the Nimzo-Indian. What can be more logical than preparing to capture the bishop with the queen $2 The problem is that the variations are so deeply studied that it's hard to fight for an advantage against a well-prepared opponent.} 4...d5 5.cxd5 exd5 6.Bg5 h6 7.Bh4 ( 7.Bxf6 {is also possible and leads to a duller position after} 7...Qxf6 8.a3 Bxc3+ 9.Qxc3 ) 7...O-O 8.e3 c5 9.dxc5 Be6 10.Nf3 Nbd7 {This position is considered to be fine for Black, and this game doesn't challenge the evaluation.} 11.c6 {A rare move whose idea is to give back the pawn immediately in order to close the c-file.} ( 11.Be2 Rc8 12.a3 Bxc3+ 13.Qxc3 g5 14.Bg3 Ne4 15.Qc2 Ndxc5 {with a fine position for Black.} ) ( 11.a3 Bxc3+ $1 ( 11...Bxc5 {This is not so good, and White has chances of an advantage after} 12.Bd3 Rc8 13.O-O ) 12.Qxc3 g5 13.Bg3 Ne4 14.Qc2 Ndxc5 {with a likely transposition after} 15.Be2 Rc8 ) 11...bxc6 12.Be2 Qa5 {This move was played only once before, in a Titled Tuesday game from 2016.} ( 12...c5 {is also OK for Black. The hanging pawns cannot be easily attacked.} ) 13.O-O Bxc3 {The natural continuation and a new move.} ( 13...Bd6 $6 14.Nd4 c5 15.Nf5 {with a clear advantage for White in Holt-Moiseenko, Titled Tuesday 2016.} ) 14.bxc3 {This is better than exchanging queens.} ( 14.Qxc3 Qxc3 15.bxc3 Ne4 16.Rfc1 Rfb8 {followed by ...Rb2 with a good endgame.} ) 14...Ne4 ( 14...c5 {is also possible. The position is balanced after the natural continuation} 15.c4 dxc4 16.Bxc4 Bxc4 17.Qxc4 Nb6 18.Qc2 Nfd5 ) 15.Rfc1 ( 15.c4 {seems more to the point, although maybe he should go with a rook to c1 after 15...c5 anyway.} 15...c5 {The alternatives are worse:} ( 15...Nc3 16.Nd4 Nxe2+ 17.Qxe2 {with advantage for White.} ) ( 15...Qc3 16.Rfc1 Qxc2 17.Rxc2 g5 18.cxd5 cxd5 19.Bg3 {The computer is not concerned, but White's position looks better from a human point of view.} ) ) 15...c5 16.c4 Rab8 17.Ne1 {The idea is to play f2-f3. Gukesh said in the post-game interview that he didn't like this move.} ( 17.Bd3 {is very natural. Black can reply with the difficult} 17...Rfe8 $1 ( 17...f5 $2 {[%c_effect f5;square;f5;type;Mistake;persistent;true] weakens the position too much.} 18.Bg3 ) ( 17...Rb4 {is also playable but seems riskier.} ) 18.Bxe4 dxe4 19.Qxe4 Rb2 {The a-pawn will fall, and Black achieves equality.} ) 17...Qa3 $1 {[%c_effect a3;square;a3;type;GreatFind;persistent;true] Avoiding f2-f3 and preparing ...Rb2.} 18.cxd5 Bxd5 19.Qd3 Qxd3 20.Bxd3 g5 21.Bxe4 ( 21.Bg3 {is also possible:} 21...Nxg3 22.hxg3 Be6 23.Bc4 {with a likely draw.} ) 21...Bxe4 22.Bg3 Rb7 23.f3 Bg6 {The endgame is equal.} 24.Rd1 {This move is not a mistake, but it looks strange to remove the rook from the protection against the c-pawn advance.} ( 24.e4 {is natural:} 24...f5 25.exf5 Bxf5 26.Rc3 {with equality.} ) 24...Rc8 25.e4 c4 {Passed pawns must be pushed.} 26.Nc2 c3 27.Rd6 ( 27.Ne3 {is a good alternative.} 27...c2 28.Rdc1 Rb2 29.Kf1 {and White should be able to get a draw.} ) 27...Nf8 $1 {[%c_effect f8;square;f8;type;GreatFind;persistent;true] Gukesh plays the endgame superbly and maximizes his chances.} ( 27...Rb2 {leads to only a draw after} 28.Rc1 Nb6 29.Ne3 Rxa2 30.Be5 Rd2 31.Rxd2 cxd2 32.Rxc8+ Nxc8 33.Bc3 ) 28.Rc1 ( 28.Be5 {is replied in the same way:} 28...f5 $1 ) 28...f5 $1 {[%c_effect f5;square;f5;type;GreatFind;persistent;true] Another excellent move, opening the diagonal for the bishop.} ( 28...Ne6 {is a mistake:} 29.Be5 ) ( 28...Rb2 {is also not dangerous after} 29.Be5 ) 29.Rd4 $2 {[%c_effect d4;square;d4;type;Mistake;persistent;true] The turning point of the game.} ( 29.exf5 Bxf5 {The position is dangerous, and White must find some difficult computer moves to escape.} ) ( 29.Be5 $1 {[%c_effect e5;square;e5;type;GreatFind;persistent;true] is the right way:} 29...fxe4 30.Ne3 $1 exf3 31.Rxc3 Rxc3 32.Bxc3 fxg2 33.Kxg2 {White has a lot of activity for the pawn, and the game will end in a draw.} ) 29...Ne6 {There are two stronger alternatives.} ( 29...fxe4 30.fxe4 Ne6 31.Rd6 ( 31.Rb4 Rxb4 ( 31...Rd7 {is also good.} ) 32.Nxb4 Bxe4 {with an easily winning position.} ) 31...Rb6 $1 32.Rxb6 axb6 {The e-pawn falls and Black wins.} ) ( 29...Rb2 {is also quite good.} ) 30.Rb4 ( 30.Rd6 $1 {[%c_effect d6;square;d6;type;GreatFind;persistent;true] is the best chance, for instance:} 30...Kf7 31.Be5 $1 Rc5 32.Rd5 fxe4 33.Rxc5 ( 33.fxe4 $2 Rxd5 34.exd5 Nf4 {with a winning advantage for Black.} ) 33...Nxc5 34.Ne1 $1 {[%c_effect e1;square;e1;type;GreatFind;persistent;true] A very precise defense.} ( 34.Bxc3 $2 {[%c_effect c3;square;c3;type;Mistake;persistent;true] loses a piece after} 34...Nd3 $1 35.Rf1 Rc7 36.fxe4+ Kg8 ) 34...exf3 35.Bxc3 fxg2 36.Nxg2 {with drawing chances in this pawn-down endgame.} ) 30...Rd7 $1 {[%c_effect d7;square;d7;type;GreatFind;persistent;true] The rook invades the d-file, and White's position can no longer be saved.} ( 30...Rxb4 $2 {[%c_effect b4;square;b4;type;Mistake;persistent;true] is not good after} 31.Nxb4 fxe4 32.Nd5 $1 ) 31.Ne3 ( 31.exf5 {doesn't change much:} 31...Bxf5 32.Ne3 c2 $1 {[%c_effect c2;square;c2;type;GreatFind;persistent;true] with an easy win.} ) 31...fxe4 32.fxe4 Rd3 {It's amazing how well Black's rook and knight coordinate in the next moves.} 33.Bf2 Nf4 $1 34.Rc2 Rd2 35.h3 Nd3 {White loses material.} 36.Rxd2 ( 36.Ra4 Rxf2 37.Rxf2 Nxf2 38.Kxf2 c2 ) ( 36.Rb1 Bxe4 ) 36...cxd2 37.Rd4 Rc1+ 38.Kh2 Nxf2 {Another powerful performance by Gukesh, who at the age of 17 is already a serious contender for the next world championship cycle.} 0-1